 Dungeon Crawl Stone Soup version 0.29-a0-322-g68df515428 (webtiles) character file.

Game seed: 13830410678021739946

1657 quinnr the Zephyrmancer (level 9, -3/47 HPs)
             Began as a Tengu Air Elementalist on Apr 6, 2022.
             Was an Initiate of Vehumet.
             Slain by Pikel
             ... wielding a +0 whip of flaming
              (4 damage)
             ... on level 6 of the Dungeon.
             The game lasted 00:15:35 (8521 turns).

quinnr the Zephyrmancer (Tengu Air Elementalist)    Turns: 8521, Time: 00:15:36

Health: -3/47      AC:  2    Str: 14    XL:     9   Next: 0%
Magic:  16/16      EV: 17    Int: 21    God:    Vehumet [......]
Gold:   128        SH:  0    Dex: 14    Spells: 6/16 levels left

rFire   . . .      SeeInvis .   (no weapon)
rCold   + . .      Faith    .   (no shield)
rNeg    . . .      Spirit   .   a - +0 robe
rPois   .          Reflect  .   (helmet restricted)
rElec   .          Harm     .   (no cloak)
rCorr   .          Rampage  .   (no gloves)
Will    .....                   (boots unavailable)
Stlth   ++........              (no amulet)
HPRegen 0.15/turn               i - ring of protection from cold
MPRegen 0.15/turn               l - +6 ring of strength

@: lethally poisoned (-3 -> -14), flying quickly and evasively, hasted, very
quick
A: beak, talons 3, nimble flight
a: Renounce Religion


You were on level 6 of the Dungeon.
You worshipped Vehumet.
Vehumet was noncommittal.
You visited 2 branches of the dungeon, and saw 7 of its levels.
You also visited: Sewer.

You collected 128 gold pieces.

Inventory:

Armour
 a - a +0 robe (worn)
Jewellery
 i - a ring of protection from cold (left hand)
 j - an amulet of guardian spirit
 l - a +6 ring of strength (right hand)
Scrolls
 c - 4 scrolls of teleportation {unknown}
 m - a scroll of brand weapon {unknown}
 o - 2 scrolls of magic mapping {unknown}
 p - 2 scrolls of blinking {unknown}
 q - a scroll of enchant armour {unknown}
 s - a scroll of fog
 u - a scroll of acquirement {unknown}
 w - a scroll of noise {unknown}
Potions
 b - a potion of magic
 d - 4 potions of heal wounds
 e - 3 potions of might {unknown}
 f - a potion of cancellation {unknown}
 g - 2 potions of degeneration {unknown}
 h - 3 potions of mutation
 k - a potion of brilliance
 n - a potion of flight
 t - a potion of resistance
 v - 2 potions of curing
 x - a potion of attraction


   Skills:
 + Level 1.5 Fighting
 + Level 5.4 Dodging
 - Level 2.0 Stealth
 - Level 4.0 Spellcasting
 - Level 1.3 Conjurations
 + Level 1.2 Transmutations
 - Level 12.0 Air Magic
 + Level 1.5 Poison Magic


You had 6 spell levels left.
You knew the following spells:

 Your Spells              Type           Power      Damage    Failure   Level
a - Shock                 Conj/Air       100%       1d9       1%          1
b - Static Discharge      Conj/Air       32%        N/A       1%          2
c - Airstrike             Air            26%        N/A       1%          4
d - Spider Form           Tmut/Pois      10%        N/A       21%         3

Your spell library contained the following spells:

 Spells                   Type           Power      Damage    Failure   Level
 Swiftness                Air            53%        N/A       1%          3
 Beastly Appendage        Tmut           18%        N/A       7%          1
 Wereblood                Tmut           9%         N/A       11%         2
 Animate Skeleton         Necr           8%         N/A       12%         1
 Pain                     Necr           16%        1d4       12%         1
 Vampiric Draining        Necr           4%         2d6       34%         3


Dungeon Overview and Level Annotations

Branches:
Dungeon (6/15)             Temple (1/1) D:5           Sewer (visited)

Altars:
Ashenzari
Dithmenos
Fedhas
Gozag
Hepliaklqana
Kikubaaqudgha
Nemelex Xobeh
Ru
Sif Muna
Trog
Uskayaw
Vehumet
Wu Jian
Xom
Yredelemnul
The Shining One

Annotations:
D:2 Robin
D:4 2 transporters
D:6 Pikel


Innate Abilities, Weirdness & Mutations

You have a beak for a mouth.
You have claws for feet.
Your magical nature lets you fly swiftly and evasively.


Message History

Your experience leads to an increase in your attributes!
Your base attributes are Str 8, Int 19, Dex 14.
Increase (S)trength, (I)ntelligence, or (D)exterity?
You feel clever. x2
The gnoll hits you with a +2 whip of electrocution!
You are electrocuted!
The gnoll closely misses you.
An orc comes into view. It is wielding a +0 club.
Your magical contamination has completely faded away.
There is a stone staircase leading up here.
You fly upwards.
There is a stone staircase leading down here.
You start resting.
Magic restored.
You start resting.
HP restored.
There is a stone staircase leading down here.
You fly downwards.
Pikel shouts!
The lemure shouts! x3
A scorpion comes into view.
The lemure barely misses you. The lemure misses you.
The lemure closely misses you. The lemure hits you!
The lemure barely misses you. x2
The lemure shouts!
There is a stone staircase leading up here.
Unknown command.
Unknown command.
Okay, then.
You feel yourself speed up. The scorpion stings you.
You are poisoned.
The scorpion poisons you! The lemure hits you.
Pikel hits you with a +0 whip of flaming!
Pikel burns you. The lemure hits you. x2
You feel very sick. The scorpion closely misses you. The lemure hits you!
* * * LOW HITPOINT WARNING * * *
Pikel hits you with a +0 whip of flaming!
* * * LOW HITPOINT WARNING * * *
Pikel burns you.
You die...

#######
.....
#5s#
#5@#
#5K#
#.5#
#..#
#..#
#...
#.## #.


You could see Pikel, 4 lemures and a scorpion.

Vanquished Creatures
  A komodo dragon (D:6)
  Menkaure (D:4)
  2 ogres (D:4)
  2 centaurs (D:5)
  A phantom (Temple)
  2 bullfrogs (Sewer)
  2 scorpions
  A howler monkey (D:4)
  2 hounds
  An orc priest (D:4)
  A jelly (D:5)
  A gnoll shaman (D:6)
  3 iguanas
  An orc wizard (D:4)
  15 adders
  5 gnolls
  8 river rats (Sewer)
  A white imp (D:6)
  2 ufetubi (D:5)
  A dart slug (D:2)
  7 orcs
  5 endoplasms
  4 giant cockroaches
  6 goblins
  5 hobgoblins
  3 jackals (D:3)
  3 kobolds
  8 quokkas
  13 ball pythons
  3 bats
  5 frilled lizards
  25 rats
140 creatures vanquished.

Vanquished Creatures (others)
  A human (D:5)
  2 plants (D:2)
3 creatures vanquished.

Grand Total: 143 creatures vanquished

Notes
Turn   | Place    | Note
-------+----------+-------------------------------------------
     0 | D:1      | quinnr the Tengu Air Elementalist began the quest for the
                  | Orb.
     0 | D:1      | Reached XP level 1. HP: 10/10 MP: 4/4
   215 | D:1      | Reached XP level 2. HP: 15/15 MP: 4/6
   351 | D:1      | Reached skill level 5 in Air Magic
   799 | D:1      | Reached XP level 3. HP: 19/19 MP: 4/7
  1284 | D:2      | Found an ornate altar of the Wu Jian Council.
  1385 | D:2      | Reached skill level 6 in Air Magic
  1530 | D:2      | Noticed Robin
  1757 | D:3      | Found a glowing drain.
  1776 | Sewer    | Entered a sewer
  1929 | Sewer    | Learned a level 2 spell: Static Discharge
  1964 | Sewer    | Reached XP level 4. HP: 4/24 MP: 1/8
  2675 | Sewer    | Reached skill level 7 in Air Magic
  2683 | Sewer    | HP: 2/24 [river rat (2)]
  2697 | Sewer    | Gained mutation: Your magical nature lets you fly swiftly
                  | and evasively. [Tengu growth]
  2697 | Sewer    | Reached XP level 5. HP: 15/28 MP: 0/9
  3308 | Sewer    | Reached skill level 8 in Air Magic
  3409 | Sewer    | Reached XP level 6. HP: 20/32 MP: 0/10
  3421 | Sewer    | Reached skill level 9 in Air Magic
  3809 | D:3      | Found a shimmering altar of Xom.
  3809 | D:3      | Found a shadowy altar of Dithmenos.
  3817 | D:3      | Found a faded altar of an unknown god.
  3819 | D:3      | Found a hazy altar of Hepliaklqana.
  3821 | D:3      | Found a broken altar of Ashenzari.
  3927 | D:3      | Found a hide-covered altar of Uskayaw.
  4210 | D:3      | You are sucked into a shaft and drop 1 floor!
  4321 | D:4      | Noticed Menkaure
  4329 | D:4      | Killed Menkaure
  4330 | D:4      | Reached skill level 10 in Air Magic
  4330 | D:4      | Reached XP level 7. HP: 36/36 MP: 7/11
  4395 | D:4      | Found a transporter.
  4447 | D:4      | Learned a level 4 spell: Airstrike
  5070 | D:4      | Found a transporter.
  5607 | D:4      | Learned a level 3 spell: Spider Form
  6264 | D:5      | Entered Level 5 of the Dungeon
  6463 | D:5      | Reached XP level 8. HP: 41/41 MP: 7/13
  6491 | D:5      | Reached skill level 11 in Air Magic
  6843 | D:5      | Found an ancient bone altar of Kikubaaqudgha.
  6983 | D:5      | Found a staircase to the Ecumenical Temple.
  6997 | Temple   | Entered the Ecumenical Temple
  7198 | Temple   | Became a worshipper of Vehumet
  8020 | D:6      | Reached skill level 5 in Dodging
  8161 | D:6      | Noticed a komodo dragon
  8179 | D:6      | Killed a komodo dragon
  8180 | D:6      | Reached skill level 12 in Air Magic
  8180 | D:6      | Reached skill level 1 in Fighting
  8180 | D:6      | Reached skill level 1 in Transmutations
  8180 | D:6      | Reached skill level 1 in Poison Magic
  8333 | D:6      | Reached XP level 9. HP: 40/47 MP: 8/16
  8519 | D:6      | Noticed Pikel
  8521 | D:6      | HP: 1/47 [Pikel/+0 whip of flaming (7)]
  8521 | D:6      | Slain by Pikel

Illustrated notes

Levels and vault maps discovered:
D:1:      dpeg_arrival_simpleton_c, layout_rooms
D:2:      layout_rooms, basic_altar, serial_bayou_ford_a, uniq_robin
D:3:      layout_rooms, chequers_temple_overflow_minitemple,
          eat_drink_and_be_merry_uskayaw, makhleb_altar_promises_db,
          gup_sewer_entry_spiral, serial_glass, glass_columns_a,
          glass_columns_b, glass_columns_b, glass_columns_a,
          nicolae_concentric_dashed_squares_wild
D:4:      gammafunk_wand_slinger, layout_basic, uniq_menkaure
D:5:      wad_pebble_path, layout_loops_ring, tgw_kikubaaqudgha,
          minmay_temple_entry_mist, kennysheep_generic_room_2
D:6:      layout_loops_ring, lemuel_round_altar, serial_glass, glass_columns_a,
          glass_columns_c, minmay_strange_pillars, minmay_strange_pillars,
          uniq_pikel
Temple:   jpeg_temple_island

Skill      XL: |  1  2  3  4  5  6  7  8 |
---------------+-------------------------+-----
Air Magic      | 5 6 7 8 10 12 | 12.0
Dodging        | 3 5 |  5.4
Spellcasting   | 3 4 |  4.0
Fighting       | 1 |  1.5
Transmutations | 1 |  1.2
Poison Magic   | 1 |  1.5
Stealth        | |  2.0
Conjurations   | |  1.3

Action                   |  1- 3 |  4- 6 |  7- 9 || total
-------------------------+-------+-------+-------++-------
Melee: Unarmed           |    13 |     9 |    14 ||    36
       Kick              |     4 |     3 |       ||     7
       Peck              |     2 |     3 |       ||     5
 Cast: Shock             |    81 |    90 |   132 ||   303
       Static Discharge  |     3 |    11 |     6 ||    20
       Airstrike         |       |       |     9 ||     9
       Spider Form       |       |       |     3 ||     3
  Use: Scroll            |     3 |     3 |     3 ||     9
       Potion            |       |     3 |     1 ||     4
Armor: Robe              |     4 |     7 |     3 ||    14
Dodge: Dodged            |    17 |    50 |    69 ||   136

Table legend: (Time is in decaauts)
 A = Elapsed time spent in this place.
 B = Non-inter-level travel time spent in this place.
 C = Inter-level travel time spent in this place.
 D = Time resting spent in this place.
 E = Time spent auto-exploring this place.
 F = Levels seen in this place.
 G = Mean time per level.
                   A        B        C        D        E       F      G
               +--------+--------+--------+--------+--------+-----+--------+
         Total |   8358 |   8184 |    174 |   1971 |   5136 |   8 | 1044.8 |
       Dungeon |   5917 |   5757 |    160 |   1063 |   3960 |   6 |  986.2 |
        Temple |    509 |    496 |     13 |    228 |    219 |   1 |  509.0 |
         Sewer |   1931 |   1931 |      0 |    680 |    956 |   1 | 1931.0 |
               +--------+--------+--------+--------+--------+-----+--------+

Top non-repeatable levels by time:
     D:4: 2036 daAuts
   Sewer: 1931 daAuts
     D:5: 1250 daAuts
     D:1: 1004 daAuts
     D:3: 759 daAuts
     D:2: 544 daAuts
  Temple: 509 daAuts
     D:6: 323 daAuts
